[Event "Chessable English Open-ch 2022"]
[Site "Kenilwoth"]
[Date "2022.05.21"]
[Round "5.4"]
[White "Arkell, Keith C"]
[Black "Wadsworth, Matthew J"]
[Result "1-0"]
[ECO "D14"]
[WhiteElo "2367"]
[BlackElo "2432"]
[Annotator "TA"]
[PlyCount "129"]
[EventDate "2022.05.18"]
[EventType "swiss"]
[EventCountry "ENG"]
[SourceTitle "playchess.com"]
[Source "ChessBase"]
[SourceQuality "1"]
[TimeControl "5400+30"]

1. Nf3 Nf6 2. c4 c6 3. d4 d5 4. cxd5 cxd5 5. Nc3 Nc6 6. Bf4 Bf5 7. e3 e6 8. Bd3 Bxd3 9. Qxd3 Bd6 10. Bxd6 Qxd6 11. O-O O-O 12. Rfc1 Rfc8 13. a3 Na5 {[%emt 0:08:00] D14: Slav Defence: Exchange variation with ...Bf5.} 14. Rc2 a6 15. Rac1 {[%emt 0:00:00][%cal Oc3d5] Strongly threatening Nxd5!} Qd8 {[%emt 0:02:32] [#] The position is equal.} 16. Ne2 $146 ({Predecessor:} 16. Nd2 Nc4 17. Na4 Nd7 18. Nxc4 dxc4 19. Qd1 b5 20. Nc3 Qg5 21. Qf3 Nf6 22. h3 {½-½ (34) Maiorov,O (2390)-Stambulian,A (2408) Anapa 2012}) 16... Nc4 17. a4 Nd6 18. Rxc8 Rxc8 19. Rxc8 Qxc8 20. Qc3 Qc4 21. Qxc4 dxc4 $11 {[%emt 0:00:05][%mdl 4096] Endgame KNN-KNN} 22. Nd2 b5 23. axb5 axb5 24. f3 Nd5 25. e4 Ne3 26. Nc3 b4 27. Na2 Nc2 28. e5 Nb5 29. Nxc4 (29. Kf2 {looks sharper.} b3 30. Nc1 c3 31. bxc3 b2 32. Nd3) 29... Nbxd4 30. Kf2 g5 31. Nc1 Kg7 32. Ne3 Kg6 33. g4 Na1 34. Nd3 Nc6 $1 35. Kg3 b3 (35... h5 $11) 36. f4 (36. Kf2 $16) 36... gxf4+ 37. Kxf4 Nc2 38. Nc4 N2d4 (38... N2b4 $11 39. Nc5 Nd5+ 40. Kg3 Ndb4) 39. h4 (39. Nd2 $16) 39... h5 40. Nd6 hxg4 41. Kxg4 Kg7 42. h5 Ne7 43. Kg5 Nd5 44. h6+ Kg8 45. Ne8 {[%emt 0:01:34] [#] Threatens to win with Nf6+.} Nf3+ 46. Kg4 Nd2 47. Kg5 Ne4+ 48. Kh5 Ng3+ 49. Kg4 Ne4 50. Nd6 Nd2 51. h7+ Kxh7 (51... Kh8 {seems wilder.} 52. Kg3 Ne3 53. Kf2 Ndc4) 52. Nxf7 Kg8 53. Nd8 Nc7 54. Kf4 {[%emt 0:00:41] Black must now prevent Ke3.} Kf8 55. Ke3 Nc4+ 56. Kd4 Nd2 (56... Na5 $1 $11) 57. Nc5 $16 Ke7 {[%emt 0:00:45] [#] Loses the game.} (57... Nf3+ $16 {was called for.} 58. Ke4 Ng5+ 59. Kf4 Nh3+ 60. Kf3 Ng5+ 61. Kg4 Nf7) 58. Nc6+ $18 Kf7 59. Kd3 Nf3 60. Nxb3 Kg6 61. Nbd4 Ng5 62. b4 Nf7 63. Ne7+ Kg5 64. Ke4 Kg4 65. Ne2 $2 {[%emt 0:02:17] Weighted Error Value: White=0.06 (flawless) /Black=0.14 (very precise)} (65. b5 $18 Nxb5 66. Nxb5 (66. Nxe6 Nxe5 67. Kxe5 Kh5 $11)) 1-0

[Event "Chessable English Open-ch 2022"]
[Site "Kenilwoth"]
[Date "2022.05.21"]
[Round "5.5"]
[White "Derakhshani, Borna"]
[Black "Haydon, David L"]
[Result "1/2-1/2"]
[ECO "A06"]
[WhiteElo "2388"]
[BlackElo "2275"]
[Annotator "TA"]
[PlyCount "110"]
[EventDate "2022.05.18"]
[EventType "swiss"]
[EventCountry "ENG"]
[SourceTitle "playchess.com"]
[Source "ChessBase"]
[SourceQuality "1"]
[TimeControl "5400+30"]

1. Nf3 d5 2. b3 Bg4 3. Bb2 Bxf3 4. exf3 e6 5. g3 Nf6 6. Bg2 {[%emt 0:00:09] A06: Réti Opening: 1 Nf3 d5.} g6 7. O-O Bg7 8. f4 {[%emt 0:00:08] White has an edge.} O-O 9. d4 Nbd7 10. Nd2 {[%emt 0:01:16] [#]} Rc8 $146 ({Predecessor:} 10... c6 11. Qe2 Ne8 12. c4 Nd6 13. Rfd1 a5 14. a4 Nf5 15. Nf3 Qb6 16. Qc2 Rfd8 {½-½ (68) Anton Guijarro,D (2674)-Bartholomew,J (2446) chess24.com INT 2019}) 11. Qe2 Re8 12. Rfd1 c5 13. dxc5 Nxc5 14. c4 Qb6 15. Bd4 {[%emt 0:01:02] A strong pair of Bishops.} Nh5 16. Qe3 Bxd4 17. Qxd4 Rcd8 18. cxd5 exd5 19. Rac1 ({Of course not} 19. Bxd5 $6 Nf6 20. Nc4 Rxd5 $1 $11) 19... Ne6 20. Qxb6 {[%emt 0:00:00] White is more active.} axb6 21. Nf1 Nf6 22. Ne3 d4 23. Nc4 b5 24. Ne5 (24. Na5 $16) 24... Nd5 $14 25. Rd2 Re7 26. Bxd5 Rxd5 27. Rc8+ Kg7 28. Nd3 Rd8 29. Rxd8 Nxd8 {[%emt 0:00:27][%mdl 4096] Endgame KRN-KRN} 30. Ne5 (30. Kf1 $14 {is superior.}) 30... Ne6 $11 31. Rc2 Rc7 (31... Kf6 $11 {remains equal.}) 32. Rxc7 $16 Nxc7 {[%emt 0:00:05] KN-KN} 33. Nf3 Kf6 34. Nxd4 Ke7 35. Kf1 Kd6 36. Ke2 Kc5 37. Kd3 b4 (37... Na6 $16 {is a better defense.}) 38. Nf3 {[%emt 0:00:00] Strongly threatening Ne5.} f6 {[%emt 0:01:21] Prevents Ne5.} 39. Nd2 Kd5 (39... f5 $16 40. Nf1 Nd5) 40. Ne4 $18 Ne8 {[%emt 0:00:35] [#]} 41. f3 $1 h6 42. Nf2 f5 43. Nd1 (43. Ke3 $142) 43... Nd6 $2 (43... Nc7 44. Ne3+ Kc5) 44. Ne3+ Kc5 {[%emt 0:00:01] [#]} 45. Ng2 $2 (45. g4 $1 $18 b6 46. h3) 45... Nc8 $16 46. h3 Ne7 47. Ne3 h5 48. Nc4 (48. h4 $16) 48... h4 $1 $11 {[%emt 0:00:33] The position is equal.} 49. gxh4 {[%emt 0:00:25] Hoping for Ne5.} Nd5 50. Ne5 Nxf4+ 51. Ke3 Ng2+ 52. Kf2 Nf4 53. Ke3 Ng2+ 54. Kd3 Nf4+ 55. Ke3 Ng2+ {[%emt 0:00:06] White really could win this.  Weighted Error Value: White=0.15 (very precise) /Black=0.18 (very precise)} 1/2-1/2

[Event "Chessable English Open-ch 2022"]
[Site "Kenilwoth"]
[Date "2022.05.21"]
[Round "5.6"]
[White "Hackner, Oskar A"]
[Black "Boswell, Jacob Connor"]
[Result "0-1"]
[ECO "A20"]
[WhiteElo "2177"]
[BlackElo "2075"]
[Annotator "TA"]
[PlyCount "150"]
[EventDate "2022.05.18"]
[EventType "swiss"]
[EventCountry "ENG"]
[SourceTitle "playchess.com"]
[Source "ChessBase"]
[SourceQuality "1"]
[TimeControl "5400+30"]

1. c4 e5 2. g3 Nf6 3. Bg2 c6 4. d4 e4 5. Nc3 d5 6. Bg5 {[%emt 0:01:09] A20: English Opening: 1...e5.} Bb4 7. Qb3 Bxc3+ 8. Qxc3 {[%emt 0:01:55] The position is equal.} O-O 9. cxd5 cxd5 10. Nh3 Nbd7 11. O-O {[%emt 0:00:59] [#]} b6 $146 ({Predecessor:} 11... h6 12. Bf4 Re8 13. Rac1 Nf8 14. Bc7 Qe7 15. f3 Ng6 16. Qb3 Bf5 17. Nf4 Nxf4 18. Bxf4 exf3 19. exf3 {½-½ (35) Fridman,D (2653)-Huschenbeth,N (2509) Osterburg 2012}) 12. Qa3 a5 13. Rfc1 Bb7 14. f3 (14. Bf4 $5 ) 14... exf3 15. Bxf3 h6 16. Bf4 g5 17. Bc7 {[%emt 0:06:11] This bishop pair is nice.} Qe8 18. Nf2 Qe6 19. Qd6 Qe3 20. Rd1 Ba6 {[%emt 0:04:36] Inhibits Rd3.} 21. Rac1 Rfe8 22. Rc3 Qe6 23. Re1 Rac8 24. Qxe6 Rxe6 25. g4 Ne8 26. Bg3 {[%emt 0:00:13] aiming for Rxc8.} Rxc3 27. bxc3 Bc4 28. a3 Nd6 29. Bxd6 Rxd6 30. e4 Re6 31. Rb1 dxe4 32. Bxe4 {[%emt 0:00:22] [#]} (32. Nxe4 $11 {was the only way to keep the balance.} b5 33. Kf2) 32... Nf6 $1 $17 {[%emt 0:00:57] Black keeps a firm grip on the game.} 33. Bf3 (33. Bf5 $17 Re3 34. Nd1 (34. Rxb6 $2 Re1+ 35. Kg2 Bd5+ 36. Be4 Nxe4 $19) 34... Re1+ 35. Kf2 Re2+ 36. Kf3) 33... Re3 $19 34. Kg2 Rxc3 35. Rxb6 Nd5 36. Bxd5 (36. Rb8+ Kg7 37. Ne4 Nf4+ 38. Kf2 Nh3+ 39. Kg3 Rxa3 40. Rc8) 36... Bxd5+ {[%emt 0:00:05][%mdl 4096] Endgame KRB-KRN} 37. Kf1 Bf3 ({Don't go for} 37... Rxa3 $2 38. Ke1 $19) 38. Nh3 Bxg4 39. Ng1 Rxa3 40. Rxh6 (40. d5 {might work better.}) 40... a4 41. d5 Rd3 42. Ra6 a3 43. h3 Bxh3+ 44. Ke2 Bf5 45. d6 Rd5 {[%emt 0:00:17] ( -> ...Bd3+)} 46. Rxa3 Rxd6 47. Rg3 Rg6 48. Nf3 {[%emt 0:00:08] [#]} f6 49. Ke3 Kf7 50. Rg1 Rg8 51. Kf2 Be4 52. Nd4 f5 53. Ke3 (53. Nb5 $142 Kf6 54. Nc3) 53... Kf6 {[%emt 0:00:22] Hoping for ...Rh8.} 54. Ra1 Ra8 {[%emt 0:01:09] Against Ra6+} 55. Rc1 Ra3+ 56. Kf2 Ke5 57. Ne2 Ra2 {[%emt 0:00:34] ...Bd3 is the strong threat.} 58. Rc5+ Kd6 59. Rc4 Bd5 (59... Bb7 $142 60. Rd4+ Ke5 61. Rd8 Ba6 62. Re8+ Kd5 63. Rd8+ Ke6 64. Rg8 Rxe2+ 65. Kf3 g4+ 66. Kg3 Re3+ 67. Kf2 Re2+ 68. Kg3 Bb5 69. Kh4 Ke5 70. Kh5 Kf4 71. Rb8 Be8+ 72. Kh6 g3 73. Kg7 g2 74. Rb1 Ke5 75. Rc1 f4 76. Rc5+ Ke4 77. Rc1 Ke5 78. Rc5+ Ke4 79. Rc4+ Kf3 80. Kf8 g1=Q 81. Rxf4+ Kg3 82. Rf3+ Kh2 83. Rh3+ Kg2 84. Rh6 Qf2+ 85. Rf6 Qxf6+ 86. Kg8 Qf7+ 87. Kh8 Qf8+ 88. Kh7 Re7#) 60. Rc8 Bb7 61. Rf8 Ba6 {[%emt 0:00:38] Black mates.} 62. Rxf5 Rxe2+ {[%emt 0:00:22] KRB-KR} 63. Kf3 Re5 64. Rf6+ Re6 65. Rf5 Rg6 66. Kg3 Bc8 67. Rb5 Be6 68. Ra5 Ke7 69. Ra7+ Kf6 70. Rh7 Rg7 71. Rh6+ Kf5 72. Rh1 Ra7 73. Rf1+ Kg6 74. Re1 Ra3+ 75. Kh2 Bf5 {[%emt 0:00:19] Weighted Error Value: White=0.42/Black=0.15 (very precise)} 0-1

[Event "Chessable English Open-ch 2022"]
[Site "Kenilwoth"]
[Date "2022.05.21"]
[Round "5.7"]
[White "Pert, Richard G"]
[Black "Watson, Jacob"]
[Result "1-0"]
[ECO "B23"]
[WhiteElo "2415"]
[BlackElo "1922"]
[Annotator "TA"]
[PlyCount "95"]
[EventDate "2022.05.18"]
[EventType "swiss"]
[EventCountry "ENG"]
[SourceTitle "playchess.com"]
[Source "ChessBase"]
[SourceQuality "1"]
[TimeControl "5400+30"]

1. e4 c5 2. Nc3 Nc6 3. Bb5 e6 4. Bxc6 bxc6 5. f4 d5 6. d3 Nf6 7. e5 Nd7 8. Nf3 Be7 9. O-O O-O 10. b3 $1 {[%emt 0:06:00][%mdl 4] is recently more successful than 10.Qe1.} Ba6 {[%emt 0:07:03] B23: Closed Sicilian: Lines without g3.} 11. Ne2 c4 12. dxc4 dxc4 {[%emt 0:00:23] [#] Black has an edge.} 13. Be3 $146 ({Predecessor:} 13. Re1 Qb6+ 14. Kh1 Rfd8 15. Qd4 Bc5 16. Qe4 Bf2 17. Ng5 Nf8 18. Rf1 cxb3 19. axb3 {0-1 (31) Streit,H (1960)-Plachkinova,T (2169) Vlissingen 2009}) 13... Nb6 $1 14. Nfd4 ({Better is} 14. Bd2 $15) 14... Nd5 $17 15. Bf2 Qc7 16. c3 c5 {[%emt 0:03:34] Prevents b4.} 17. Nf3 cxb3 18. axb3 Bxe2 19. Qxe2 Nxf4 20. Qe4 Ng6 (20... Nd5 $17 21. Be1 Rab8) 21. h4 $15 h5 $1 22. Rae1 Rad8 ({Black should try} 22... Rab8 $15 23. g4 Bd8) 23. g4 $1 $36 {[%emt 0:01:25][%cal Bg2g4,Bg4g5][%mdl 2080] White is pushing.} f5 $2 (23... hxg4 $11 24. Qxg4 Rd3) 24. exf6 $1 $18 {[%emt 0:04:57][%mdl 64] [#] Discovered Attack} Rxf6 25. g5 (25. gxh5 Nf8 $11) 25... Rxf3 26. Qxf3 Rf8 27. Qxh5 Qf4 {[%emt 0:04:01][%cal Oe7d6] [#] ( -> ...Bd6!)} 28. Re3 $2 (28. Qxg6 Qg4+ 29. Kh1 Qh3+ 30. Kg1 Qg4+ 31. Kh1 Qh3+ 32. Kg1 Qg4+ $11) (28. Qe2 $18) 28... Bd6 $11 29. Rg3 Qxh4 $2 {[%emt 0:03:15][%mdl 8192] Black is now going downhill.} 30. Qxh4 $18 {[%emt 0:02:40] Really sharp!} (30. Qxg6 {leads to mate.} Bxg3 31. Qxe6+ Kh8) 30... Nxh4 31. Rd3 Nf5 32. Ra1 Rf7 33. Ra6 Rd7 (33... Be7 $142 34. Rxe6 Bxg5 35. Bxc5 Rc7) 34. Kg2 Rb7 35. Raxd6 Nxd6 36. Rxd6 {[%emt 0:00:07] g6 is the strong threat.} Rxb3 {[%emt 0:00:54][%mdl 4096] Endgame KRB-KR} 37. g6 Kf8 38. Bxc5 Ke8 39. Bd4 Ke7 40. Ra6 Rb5 41. Rxa7+ Kd6 42. Rxg7 {[%emt 0:00:11] Threatening mate with Rg8.} Rg5+ 43. Kf3 {[%emt 0:00:08] White mates.} e5 44. Be3 Rh5 45. Rh7 Rf5+ 46. Ke4 Rf8 47. g7 Rg8 48. Bh6 {[%emt 0:12:16] Weighted Error Value: White=0.22 (precise) /Black=0.81} 1-0

[Event "Chessable English Open-ch 2022"]
[Site "Kenilwoth"]
[Date "2022.05.21"]
[Round "5.8"]
[White "Duncan, Patrick C M"]
[Black "Ashton, Adam G"]
[Result "1/2-1/2"]
[ECO "A01"]
[WhiteElo "2013"]
[BlackElo "2366"]
[Annotator "TA"]
[PlyCount "86"]
[EventDate "2022.05.18"]
[EventType "swiss"]
[EventCountry "ENG"]
[SourceTitle "playchess.com"]
[Source "ChessBase"]
[SourceQuality "1"]
[TimeControl "5400+30"]

1. b3 e5 2. Bb2 Nc6 3. e3 d5 4. Bb5 Bd6 5. f4 f6 6. Qh5+ g6 7. Qh4 Nge7 {[%emt 0:01:15] A01: Nimzowitsch-Larsen Opening.} 8. Qxf6 Rf8 9. Qh4 {[%emt 0:02:41] [#] And now fxe5 would win.} exf4 10. exf4 {[%emt 0:00:31] [#]} Rxf4 $146 ({Predecessor:} 10... Bxf4 11. Ne2 Qd6 12. Ba3 Qe5 13. Qxe7+ Qxe7 14. Bxe7 Kxe7 15. Bxc6 bxc6 16. Nxf4 Rxf4 {0-1 (56) Bromann,T (2453)-Berg,E (2573) Denmark 2016}) 11. Qxh7 Be6 12. Ne2 ({Better is} 12. Nf3 $14) 12... Rf7 $1 $11 {[%emt 0:02:16][%mdl 1024] Black has compensation.} 13. Qh8+ Rf8 14. Qh4 Qd7 (14... a6 $15 15. Bxc6+ Nxc6 16. Qxd8+ Rxd8) 15. Nbc3 O-O-O {[%emt 0:05:39] ...a6 is the strong threat.} 16. O-O-O a6 17. Bxc6 Nxc6 18. Rdf1 d4 19. Ne4 {[%emt 0:08:45] The position is equal.} ({Not} 19. Nxd4 $2 Be7 20. Qe4 Nxd4 $19) 19... d3 20. Nxd6+ ({Don't play} 20. cxd3 Bf5 21. Kb1 Be5 22. Bxe5 Nxe5 $17) 20... Qxd6 21. Rxf8 Rxf8 22. Nd4 Nxd4 (22... Rf4 $5 23. Qh8+ Rf8 $11) 23. Qxd4 Qxh2 24. Qg1 (24. Re1 {is more complex.} Qg3 25. Qe4 Bf5 26. Qe7) 24... Qxg1+ 25. Rxg1 {[%emt 0:00:08][%mdl 4096] Endgame KRB-KRB} Bf5 26. cxd3 Bxd3 27. Bd4 Rf4 28. Be3 Rf6 29. Kb2 b6 30. Kc3 Be4 31. Kd4 Re6 32. g4 c5+ 33. Kc3 Kd7 34. g5 Kc6 35. Rf1 Bf5 36. Rh1 Rd6 37. Rh8 Rd3+ 38. Kb2 a5 39. Rf8 Rd6 40. Kc3 Rd3+ 41. Kb2 Rd6 42. Kc3 Rd3+ 43. Kb2 Rd6 {[%emt 0:00:05] Weighted Error Value: White=0.07 (flawless) /Black=0.06 (flawless)} 1/2-1/2

[Event "Chessable English Open-ch 2022"]
[Site "Kenilwoth"]
[Date "2022.05.21"]
[Round "5.9"]
[White "Shenbagakumar, Gautham"]
[Black "Wells, Peter K"]
[Result "0-1"]
[ECO "C58"]
[WhiteElo "1700"]
[BlackElo "2374"]
[Annotator "TA"]
[PlyCount "58"]
[EventDate "2022.05.18"]
[EventType "swiss"]
[EventCountry "ENG"]
[SourceTitle "playchess.com"]
[Source "ChessBase"]
[SourceQuality "1"]
[TimeControl "5400+30"]

1. e4 e5 2. Nf3 Nc6 3. Bc4 Nf6 4. Ng5 d5 5. exd5 Na5 6. Bb5+ c6 7. dxc6 bxc6 8. Bd3 Nd5 {[%emt 0:05:33] C58: Two Knights: 4 Ng5 d5 5 exd5 Na5 sidelines.} 9. Nf3 (9. Qh5 g6 10. Nxf7 gxh5 $17) 9... Bd6 10. O-O Nf4 {[%emt 0:04:06] White has an edge.} 11. Re1 Nxd3 12. cxd3 O-O 13. Nc3 {[%emt 0:16:52] The main line 13.Nc3 scores better than 13.Nxe5.} c5 14. b3 Nc6 15. Bb2 (15. Ba3 $14) 15... Ba6 (15... f6 $1 $15) 16. Ne4 $11 f6 17. Ba3 Bxd3 18. Nxc5 {[%emt 0:04:58] [#] Nb7 is the strong threat.} Bxc5 19. Bxc5 {[%emt 0:00:05] [#]} Re8 $146 ({Predecessor:} 19... Rf7 20. Re3 Qd5 21. b4 Rd8 22. Qb3 Bc4 23. Qc2 Bd3 24. Qc3 e4 25. Ne1 Ne5 26. Nxd3 Nxd3 {½-½ (77) Bagi,M (2385)-Ozturk Orenli,K (2250) Graz 2015}) 20. Rc1 e4 {[%emt 0:08:22][%mdl 1024] Black has compensation.} 21. Nh4 (21. b4 $5) 21... Qd7 $1 {[%emt 0:00:58] Prevents Nf5.} 22. g4 Ne5 {[%emt 0:03:07] And now ...h5 would win.} 23. h3 h5 24. Nf5 $2 (24. Re3 $17 {is more resistant.}) 24... hxg4 $19 (24... Nf3+ $2 25. Kg2 $19) 25. hxg4 Nf3+ $2 (25... g6 $19 {has better winning chances.} 26. Ng3 (26. Nh6+ $2 Kg7 $19) 26... Nf3+ 27. Kg2 Nxe1+ 28. Qxe1 Qxg4) 26. Kg2 $17 Re5 {[%emt 0:02:05] Black is much more active.} ({Much less strong is} 26... Qc7 {[#]} 27. Bd6 $1 (27. Rh1 Qf4 $11) 27... Nxe1+ 28. Qxe1 $18) ({Better is} 26... Nxe1+ 27. Qxe1 e3 28. Bxe3 Bxf5 29. gxf5 Qxf5) 27. Ne3 $2 Rg5 $19 {[%emt 0:00:59] ( -> ...Rxg4+)} 28. Kg3 Qc7+ 29. Kg2 Qh2# {[%emt 0:13:17] Weighted Error Value: White=0.78/Black=0.17 (very precise)} 0-1

[Event "Chessable English Open-ch 2022"]
[Site "Kenilwoth"]
[Date "2022.05.21"]
[Round "5.10"]
[White "Southcott-Moyers, Indy"]
[Black "Okhai, Shabir"]
[Result "1/2-1/2"]
[ECO "D32"]
[WhiteElo "2028"]
[BlackElo "2121"]
[Annotator "TA"]
[PlyCount "46"]
[EventDate "2022.05.18"]
[EventType "swiss"]
[EventCountry "ENG"]
[SourceTitle "playchess.com"]
[Source "ChessBase"]
[SourceQuality "1"]
[TimeControl "5400+30"]

1. d4 Nf6 2. c4 e6 3. Nf3 c5 4. e3 d5 5. Nc3 a6 6. dxc5 Bxc5 7. cxd5 exd5 8. Be2 Nc6 9. O-O O-O 10. b3 d4 {[%emt 0:05:22] [#]} {Predecessor:} 11. Na4 $146 {D32: Tarrasch Defence: Sidelines and lines without g3.} Ba7 12. exd4 Nxd4 13. Nxd4 Bxd4 14. Bb2 Bxb2 15. Nxb2 Be6 16. Bf3 Bd5 17. Bxd5 Qxd5 18. Nc4 Rad8 19. Qc2 Qd3 20. Qb2 Qd4 21. Qc2 Qd3 22. Qb2 Qd4 23. Qc2 Qd3 {½-½ (23) Nagy,G (2530)-Berczes,D (2452) Budapest 2022} 1/2-1/2

[Event "Chessable English Open-ch 2022"]
[Site "Kenilwoth"]
[Date "2022.05.21"]
[Round "5.11"]
[White "Thompson, Ian D"]
[Black "Zheng, Harry Z"]
[Result "1/2-1/2"]
[ECO "A20"]
[WhiteElo "2074"]
[BlackElo "1915"]
[Annotator "TA"]
[PlyCount "72"]
[EventDate "2022.05.18"]
[EventType "swiss"]
[EventCountry "ENG"]
[SourceTitle "playchess.com"]
[Source "ChessBase"]
[SourceQuality "1"]
[TimeControl "5400+30"]

1. c4 e5 2. g3 Nf6 3. Bg2 d5 4. cxd5 Nxd5 5. Nf3 Nc6 6. O-O Nb6 7. b3 {[%emt 0:00:18] A20: English Opening: 1...e5.} Be7 {[%emt 0:01:06] 7...Be6 is more advanced technology.} 8. Bb2 f6 9. Qc1 (9. d4 $5 ) 9... O-O 10. Rd1 {[%emt 0:00:32] [#]} Nd4 $146 (10... e4 $11 11. Ne1 Bg4) ({Predecessor:} 10... Qe8 11. Nc3 Bd6 12. d4 e4 13. Nd2 f5 14. Nc4 Ne7 15. Nxd6 cxd6 16. d5 Ng6 {1-0 (57) Aronian,L (2785)-Korobov,A (2692) Doha 2016}) 11. Nxd4 $14 exd4 12. d3 (12. e3 $14) 12... f5 13. Nd2 f4 14. Nf3 fxg3 15. hxg3 c5 16. b4 Na4 {[%emt 0:15:23] [#]} 17. Qc4+ (17. bxc5 $1 $16 {Strongly threatening Qc4+.} Nxb2 18. Qxb2) 17... Kh8 $11 18. Rab1 {[%emt 0:00:31] Hoping for bxc5.} Nxb2 19. Rxb2 Qb6 20. Rdb1 (20. Ne5 $11 g6 21. f4) 20... Be6 $1 $15 21. Qc1 (21. bxc5 $1 $15 Qxb2 22. Rxb2 Bxc4 23. dxc4) 21... cxb4 $17 22. Ng5 Rac8 23. Qd2 Bg8 24. Be4 a5 ({Stronger than} 24... Qf6 25. f4 $17) 25. Kg2 h6 ({Not} 25... Qf6 26. f4 $17) (25... Rf6 $19 26. Nf3 Rh6) 26. Nf3 a4 (26... Be6 $17 {White should prevent ...Rc3.} 27. Ne5 Kg8) 27. Ne5 $11 Bf7 {[%emt 0:07:11] [#] Inhibits Ng6+.} (27... Rf6 $11 {remains equal.}) 28. Nd7 $1 $16 Qc7 29. Nxf8 Bxf8 30. Rxb4 Bxb4 31. Rxb4 Qc3 {[%emt 0:02:21] [#]} 32. Qf4 Qxb4 33. Qf5 Bg8 {[%emt 0:00:46] Prevents Qh7+.} 34. Qxc8 {[%emt 0:00:07] Intending Bd5 and mate.} Qd6 {[%emt 0:00:31] Inhibits Bd5.} 35. Qxb7 (35. a3 $16) 35... a3 $1 $11 36. Qa8 Qc5 $2 {[%emt 0:00:30] Never resign too early!  Weighted Error Value: White=0.22 (precise) /Black=0.25 (precise)} (36... g6 $11) 1/2-1/2

[Event "Chessable English Open-ch 2022"]
[Site "Kenilwoth"]
[Date "2022.05.21"]
[Round "5.12"]
[White "Khoury, Theo"]
[Black "Kumar, Soham"]
[Result "1-0"]
[ECO "B90"]
[WhiteElo "1927"]
[BlackElo "1678"]
[Annotator "TA"]
[PlyCount "59"]
[EventDate "2022.05.18"]
[EventType "swiss"]
[EventCountry "ENG"]
[SourceTitle "playchess.com"]
[Source "ChessBase"]
[SourceQuality "1"]
[TimeControl "5400+30"]

1. e4 c5 2. Nf3 d6 3. d4 cxd4 4. Nxd4 Nf6 5. Nc3 a6 6. f3 e5 7. Nb3 Be6 8. Be3 Be7 9. Qd2 Nbd7 10. g4 b5 11. a4 {[%emt 0:00:51][%cal Ba2a4,Ba4a5][%mdl 32] B90: Sicilian Najdorf: Unusual White 6th moves, 6 Be3 Ng4 and 6 Be3 e5.} b4 12. Nd5 Bxd5 13. exd5 {[%emt 0:00:14] White is slightly better.} Nb6 {[%emt 0:02:53] [#]} (13... h6 $14) 14. a5 $1 $16 Nbd7 15. O-O-O {[%emt 0:01:46] White is more active.} Qb8 (15... Qc7 $16 {is a better defense.}) 16. h4 O-O 17. h5 {[%emt 0:02:46] [#]} Qc7 $146 (17... h6 $142 18. g5 hxg5) ({Predecessor:} 17... Ne8 18. g5 Nc5 19. g6 Nxb3+ 20. cxb3 Qc7+ 21. Kb1 Qxa5 22. Bh3 Kh8 23. h6 fxg6 24. Be6 Bf6 25. Qh2 {1-0 (25) Marin,S (2326)-Herrera Perez,M (1958) Santander 2012}) 18. g5 $18 Ne8 19. g6 Nc5 (19... Rd8 {was called for.} 20. gxh7+ (20. Bxa6 h6 $16) 20... Kxh7 21. Qd3+ (21. Bxa6 Nc5 $16) 21... Kh8 22. Qxa6 (22. h6 g6 $16) 22... Nc5 23. Nxc5 dxc5) 20. Nxc5 ({Stronger than} 20. Qxb4 Rb8 21. gxh7+ Kh8 $11) 20... dxc5 {[%emt 0:00:12] [#]} 21. h6 $1 fxg6 22. hxg7 Kxg7 (22... Rf7 {might work better.} 23. d6 Nxd6) 23. Bh6+ ({Less strong is} 23. Qh2 Nf6 24. Qh6+ Kf7 $18) 23... Kg8 (23... Kh8 $142 24. Bxf8 Bxf8) 24. Bxf8 Bxf8 25. d6 Qxd6 (25... Qf7 $142 26. d7 Nd6) 26. Bc4+ Kh8 27. Qg5 Qf6 {[%emt 0:02:52] [#]} 28. Rxh7+ $3 {[%emt 0:00:13][%mdl 576] Decoy, Clearance. White mates.} Kxh7 29. Rh1+ Kg7 30. Qh6# {[%emt 0:00:36] Black did not feel at home in the position after the opening.  Weighted Error Value: White=0.07 (flawless) /Black=0.88} 1-0

[Event "Chessable English Open-ch 2022"]
[Site "Kenilwoth"]
[Date "2022.05.21"]
[Round "5.13"]
[White "Hepworth, Peter"]
[Black "Ireland, David J"]
[Result "1-0"]
[ECO "A43"]
[WhiteElo "1843"]
[BlackElo "2000"]
[Annotator "TA"]
[PlyCount "85"]
[EventDate "2022.05.18"]
[EventType "swiss"]
[EventCountry "ENG"]
[SourceTitle "playchess.com"]
[Source "ChessBase"]
[SourceQuality "1"]
[TimeControl "5400+30"]

1. d4 Nf6 2. Nf3 c5 3. d5 b5 4. c3 e6 5. e4 Nxe4 6. Bxb5 {[%emt 0:01:06] [#] A43: Schmid Benoni.} Qb6 $146 ({Predecessor:} 6... Bb7 7. dxe6 fxe6 8. O-O Be7 9. Ne5 Nf6 10. c4 O-O 11. Nc3 d6 12. Nf3 a6 {0-1 (43) Diermair,A (2459)-Kristoferitsch,D (2212) Graz 2021}) 7. a4 (7. c4) ({White should play} 7. c4 $14) 7... Nf6 (7... Qd6) 8. dxe6 {[%emt 0:18:34] White is slightly better.} (8. c4) 8... fxe6 9. O-O Be7 10. Bd3 Ba6 11. c4 Nc6 12. Bd2 (12. Re1) 12... Qxb2 13. Bc3 Qb8 14. g3 (14. Re1) 14... Nb4 15. Bxb4 Qxb4 (15... cxb4 16. Nbd2 Bb7) (15... cxb4 $17 16. Nbd2 Bb7) 16. Na3 O-O 17. Ng5 Qb7 18. Qc2 h6 19. Nh7 Nxh7 20. Bxh7+ Kh8 21. Be4 d5 22. Bg2 Qd7 23. Rfe1 Bf6 24. Rad1 Bd4 {[%emt 0:00:32] A strong pair of Bishops.} 25. Re2 (25. Rd2) (25. Rd2 $17) 25... Rf6 (25... Rab8 26. Nb5 dxc4) (25... Rab8 $19 {has better winning chances. Hoping for ...Rb2.} 26. Nb5 dxc4) 26. Nb5 $17 Bxb5 27. axb5 Raf8 28. Rf1 R8f7 (28... Qf7 $142 29. Qa2 dxc4 30. Qxc4 Bxf2+ 31. Kh1 Qh5) 29. Qa2 dxc4 30. Qxc4 e5 (30... g5 $17) 31. Be4 (31. Bc6 Qh3 32. Bg2) 31... g5 32. Kg2 h5 33. h3 h4 34. g4 Rf4 ({Black should try} 34... Qe8 $15) 35. f3 $11 Qd6 36. Ra2 {[%emt 0:01:23][%cal Be2a2,Ba2a6,Ba6g6,Bg6g5,Bg5h5][%mdl 32] [#] And now Ra6 would win.} Qf6 (36... R4f6 $11) 37. Ra6 $18 {[%emt 0:01:19] Active counter play!} Qg7 38. Rg6 Qf8 {[%emt 0:01:54][%cal Of4e4] [#]} 39. Qd5 c4 $2 (39... R7f6) 40. Rxg5 {[%emt 0:00:55] aiming for Rh5+. The board is on fire.} Qb4 $2 (40... R7f6 41. Rd1 Rxe4 42. Qxe4 Qf7 43. Rh5+ Kg8 44. Qa8+ Qf8 45. Qd5+ Qf7 46. Qd8+ Qf8) 41. Qd8+ Rf8 42. Rh5+ Kg8 43. Bd5+ {[%emt 0:00:05] What a bad dream for Black.  Weighted Error Value: White=0.15 (very precise) /Black=0.50} 1-0